 Dungeon Crawl Stone Soup version 0.30-b1-2-g02819fbbbe (webtiles) character file.

Game seed: 1566681582808317770

84796 Mesmaeker13 the Geomancer (level 14, -6/93 HPs)
             Began as a Demigod Earth Elementalist on June 18, 2023.
             Mangled by an alligator (15 damage)
             ... on level 1 of the Swamp on June 19, 2023.
             The game lasted 01:18:51 (32315 turns).

Mesmaeker13 the Geomancer (DgEE)                   Turns: 32315, Time: 01:18:52

Health: -6/93      AC: 17    Str: 17    XL:     14   Next: 97%
Magic:  0/32       EV: 19    Int: 25    God:
Gold:   1826       SH:  0    Dex: 14    Spells: 9/33 levels left

rFire   + . .        k - staff of conjuration
rCold   + . .        (no shield)
rNeg    . . .        S - +1 ring mail {rPois}
rPois   +            F - +2 helmet
rElec   .            M - scarf {rC+ rF+}
rCorr   .            r - +0 pair of gloves
SInv    .            (no boots)
Will    ++...        T - amulet of the acrobat
Stlth   +            i - +5 ring of evasion
HPRegen 0.35/turn    N - +4 ring of protection
MPRegen 0.23/turn

%: acrobat, clarity
@: no status effects
A: high MP 1, forlorn, divine attributes, clarity, deterioration 1,
strong-willed 1
a: no special abilities


You were on level 1 of the Swamp.
You visited 4 branches of the dungeon, and saw 21 of its levels.
You also visited: Ice Cave.

You collected 2490 gold pieces.
You spent 664 gold pieces at shops.

Inventory:

Hand Weapons
 m - a +2 morningstar of freezing
 O - a +3 morningstar
Missiles
 c - 2 datura-tipped darts
 e - a throwing net
 Y - 6 curare-tipped darts (quivered)
Armour
 r - a +0 pair of gloves (worn)
 s - a +2 scale mail of willpower
 A - the +4 skin of Zhor {*Englaciate rC+++ SInv}
   (You found it on level 3 of the Lair of Beasts)

   *Englaciate: It radiates cold, occasionally slowing all nearby creatures who
   are not resistant to cold.
   rC:        It renders you almost immune to cold.
   SInv:      It lets you see invisible.
 D - the +1 scale mail of Qazlal, Loving {rElec}
   (You found it on level 13 of the Dungeon)

   rElec:     It insulates you from electricity.
 F - a +2 helmet (worn)
 M - a scarf of resistance (worn)
 S - a +1 ring mail of poison resistance (worn)
Magical Staves
 k - a staff of conjuration (weapon)
 l - a staff of fire
Jewellery
 i - a +5 ring of evasion (left hand)
 x - a +6 ring of intelligence
 y - a ring of magical power
 E - an amulet of reflection
 N - a +4 ring of protection (right hand)
 T - an amulet of the acrobat (around neck)
 Z - an amulet of regeneration
Wands
 d - a wand of paralysis (9)
 J - a wand of digging (16)
 P - a wand of quicksilver (3)
 Q - a wand of iceblast (2)
Scrolls
 a - 3 scrolls of fog
 h - a scroll of blinking
 n - 2 scrolls of vulnerability
 o - a scroll of amnesia
 t - 7 scrolls of teleportation
 u - 4 scrolls of poison
 w - 2 scrolls of magic mapping
 C - a scroll of butterflies
 I - a scroll of torment
Potions
 b - 2 potions of magic
 f - 5 potions of haste
 j - 4 potions of flight
 p - 3 potions of lignification
 q - a potion of berserk rage {unknown}
 v - 9 potions of heal wounds
 z - 3 potions of attraction
 B - a potion of ambrosia
 G - 5 potions of mutation
 H - a potion of might
 L - 3 potions of curing
 R - 2 potions of brilliance {unknown}
 U - a potion of cancellation


   Skills:
 + Level 11.0 Armour
 - Level 8.0 Dodging
 - Level 1.7 Stealth
 - Level 10.0 Spellcasting
 + Level 13.0 Conjurations
 - Level 5.4 Necromancy
 - Level 0.8 Transmutations
 + Level 13.6 Earth Magic


You had 9 spell levels left.
You knew the following spells:

 Your Spells              Type           Power      Damage    Failure   Level
a - Sandblast             Erth           100%       2d20      1%          1
b - Stone Arrow           Conj/Erth      100%       3d13      1%          3
c - Animate Dead          Necr           39%        N/A       9%          4
d - Iskenderun's Battles  Conj           86%        2d13      1%          5
e - Iron Shot             Conj/Erth      43%        9d8       4%          6
f - Lee's Rapid Deconstr  Erth           34%        3d17*     1%          5

Your spell library contained the following spells:

 Spells                   Type           Power      Damage    Failure   Level
 Kiss of Death            Conj/Necr      100%       2d13      1%          1
 Passwall                 Tmut/Erth      40%        N/A       1%          2
 Sublimation of Blood     Necr           39%        N/A       1%          2
 Dazzling Flash           Conj/Hex       100%       N/A       1%          3
 Hailstorm                Conj/Ice       61%        3d13      1%          3
 Leda's Liquefaction      Hex/Erth       23%        N/A       4%          4
 Petrify                  Tmut/Erth      48%        N/A       4%          4
 Beastly Appendage        Tmut           32%        N/A       5%          1
 Cigotuvi's Dreadful Rot  Necr/Pois/Air  42%        N/A       6%          2
 Wereblood                Tmut           16%        N/A       9%          2
 Blink                    Tloc           24%        N/A       12%         2
 Ensorcelled Hibernation  Hex/Ice        24%        N/A       12%         2
 Spider Form              Tmut/Pois      14%        N/A       21%         3
 Ignite Poison            Fire/Tmut/Pois 13%        N/A       22%         3
 Call Canine Familiar     Summ           12%        N/A       24%         3
 Inner Flame              Hex/Fire       12%        N/A       24%         3
 Ozocubu's Armour         Ice            12%        N/A       24%         3
 Portal Projectile        Hex/Tloc       24%        N/A       24%         3
 Tukima's Dance           Hex            12%        N/A       24%         3
 Agony                    Necr           39%        N/A       24%         5
 Anguish                  Hex/Necr       13%        N/A       26%         4
 Freezing Cloud           Conj/Ice/Air   25%        6-21      36%         5
 Statue Form              Tmut/Erth      32%        N/A       52%         6
 Ice Form                 Ice/Tmut       14%        N/A       54%         4
 Manifold Assault         Tloc           12%        N/A       61%         4
 Passage of Golubria      Tloc           12%        N/A       61%         4
 Yara's Violent Unravell  Hex/Tmut       7%         3d5       88%         5
 Silence                  Hex/Air        6%         N/A       91%         5
 Simulacrum               Ice/Necr       13%        N/A       99%         6
 Spellforged Servitor     Conj/Summ      30%        N/A       99%         7
 Enfeeble                 Hex            6%         N/A       100%        7
 Ozocubu's Refrigeration  Ice            6%         4d8       100%        7
 Storm Form               Tmut/Air       7%         N/A       100%        7


Dungeon Overview and Level Annotations

Branches:
Dungeon (13/15)            Temple (0/1) D:6            Lair (5/5) D:11
  Swamp (1/4) Lair:3        Snake (0/4) Lair:2        Slime (0/5) Lair:4
    Orc (2/2) D:11            Elf (0/3) Orc:2        Vaults (0/5) D:13
  IceCv (visited)

Shops:
D:1 =   D:8 =   D:9 (   Orc:2 :!((

Annotations:
D:6 3 runed translucent doors, Batma's ghost, novice KoEn
D:8 3 runed translucent doors, rikstar's ghost, novice TrFi
Lair:3 Metae's ghost, journeyman MiFi
Lair:4 2 transporters, Xeriets's ghost, journeyman TeEn
Swamp:1 2 transporters, exclusion: orange crystal statue


Innate Abilities, Weirdness & Mutations

You have an increased reservoir of magic. (+10% MP)
You shall have no god before yourself.
Your divine heritage dramatically boosts your attributes as you level up.
You possess an exceptional clarity of mind.
Your body sometimes deteriorates upon taking damage.
You are strong-willed. (Will+)


Message History

Casting: Iron Shot (dangerous; 4% risk of failure)
Confirm with . or Enter, or press ? or * to list all spells.
Aiming: Iron Shot (dangerous; 4% risk of failure)
Press: ? - help, Shift-Dir - straight line, f/p - alligator
Aim: an alligator (heavily wounded, 79% to hit)
You feel a surge of power!
The iron shot hits the alligator!!
The alligator is almost dead.
Your battlesphere fires!
The barrage of energy hits the alligator!
The alligator is moderately wounded.
The alligator misses you. The alligator closely misses you.
The swamp worm bites you!
Casting: Iron Shot (dangerous; 4% risk of failure)
Confirm with . or Enter, or press ? or * to list all spells.
Aiming: Iron Shot (dangerous; 4% risk of failure)
Press: ? - help, Shift-Dir - straight line, f/p - alligator
Aim: an alligator (almost dead, 79% to hit)
You feel a surge of power!
The iron shot hits the alligator!!!
The alligator is severely wounded.
Your battlesphere fires!
The barrage of energy hits the alligator!
The alligator is almost dead.
The alligator bites you!! The alligator completely misses you.
The swamp worm bites you!
Casting: Iron Shot (dangerous; 4% risk of failure)
Confirm with . or Enter, or press ? or * to list all spells.
Aiming: Stone Arrow (safe; 1% risk of failure)
Press: ? - help, Shift-Dir - straight line, f/p - alligator
Aim: an alligator (almost dead, ally target, 81% to hit)
You feel a surge of power!
The stone arrow misses the alligator.
Your battlesphere fires!
The barrage of energy hits the alligator!
The alligator is almost dead.
The alligator bites you!
* * * LOW HITPOINT WARNING * * *
The alligator tail-slaps you.
* * * LOW HITPOINT WARNING * * *
The swamp worm misses you.
The alligator puts on a burst of speed!
The alligator bites you!
You die...

.##.. (#...
....~~ ♣♣♣ ..~~~~
~.~~~~ ♣♣..♣♣.)~§
. ~.~~~♣♣.*..~~.
...
~...~♣.~~.w♣...~~
....♣.~.@t~~~.~~
.......~t~.~~~.
♣......~..~~~§~
♣...~...~..~~~~
♣..~~§....~.~~~
♣§.~~~..♣♣♣.~~~
~~...~~~ ♣♣♣
♣♣........♣
.~~~~~§~....~
♣♣.♣♣ ♣~.>...~~.♣
..~~§~.~~~~~
♣...♣ ♣~~~...~..♣
♣..~~~~....~~


You could see 2 alligators, a swamp worm and a friendly battlesphere.

Vanquished Creatures
  An ettin (D:11)
  Snorg (Lair:4)
  Harold (Orc:1)
  4 hydras
  Erolcha (Orc:2)
  3 vault guards (D:13)
  2 centaur warriors (D:13)
  A catoblepas (Lair:5)
  An alligator (Swamp:1)
  3 boulder beetles
  5 two-headed ogres
  12 death yaks
  3 skysharks
  A fire crab (Lair:5)
  Nergalle (Orc:2)
  2 goliath frogs (Swamp:1)
  3 skeletal warriors (D:12)
  A glowing orange brain (Lair:3)
  A spriggan druid (Swamp:1)
  An orange crystal statue (Lair:5)
  2 bog bodies
  2 orc knights
  A necromancer (IceCv)
  A harpy (shapeshifter) (D:13)
  2 deep elf pyromancers (D:13)
  8 orc sorcerers (Orc:2)
  7 ugly things
  2 cyclopes
  7 black mambas
  5 elephants
  2 ice statues (IceCv)
  A gargoyle (D:12)
  7 cane toads
  A torpor snail (Lair:3)
  An unseen horror (D:12)
  7 ice devils (IceCv)
  2 anaconda simulacra (IceCv)
  4 komodo dragons
  7 rime drakes
  3 trolls
  A hornet (D:7)
  10 polar bears
  2 raiju (Lair:5)
  6 dream sheep (Lair:5)
  21 blink frogs
  6 slime creatures
  2 shadows
  A centaur simulacrum (D:13)
  5 dire elephant simulacra (IceCv)
  A wraith (D:11)
  32 yaks
  15 humans (D:13)
  3 wyverns
  A basilisk (Lair:1)
  Edmund (D:6)
  2 death yak simulacra (IceCv)
  2 steam dragons (D:9)
  Menkaure (D:5)
  5 wargs
  3 nagas (Lair:2)
  A swamp worm (Swamp:1)
  Duvessa (D:7)
  3 hydra simulacra (IceCv)
  8 hell hounds (Lair:5)
  10 water moccasins
  7 ice beasts
  9 black bears
  An orc zombie (Orc:2)
  2 sky beasts
  12 orc warriors
  8 ogres
  A centaur (D:11)
  18 wolves
  A phantom (D:6)
  A kobold brigand (D:8)
  8 bullfrogs
  13 wights
  A gnoll sergeant (D:11)
  Dowan (D:7)
  6 killer bees
  A vampire bat (D:4)
  3 electric eels
  2 lava snakes (Lair:5)
  3 hounds
  2 jellies (Lair:3)
  A gnoll bouda (D:4)
  8 orc priests
  Crazy Yiuf (D:3)
  2 sleepcaps
  2 iguanas
  34 orc wizards
  A spriggan simulacrum (IceCv)
  Terence (D:1)
  Robin (D:2)
  8 gnolls
  10 adders
  A naga simulacrum (IceCv)
  A shadow imp (D:6)
  3 ufetubi
  A worm (D:2)
  6 dart slugs
  3 fire bats (D:4)
  69 orcs
  2 spectral bats (D:4)
  8 ball pythons
  3 bat skeletons (D:4)
  A bat zombie (D:4)
  7 endoplasms
  4 giant cockroaches (D:1)
  16 goblins
  9 hobgoblins
  8 jackals
  10 kobolds
  6 quokkas
  11 bats
  A bat simulacrum (D:4)
  2 frilled lizards
  7 rats
611 creatures vanquished.

Vanquished Creatures (collateral kills)
  A boulder beetle (Lair:5)
  A necromancer (D:13)
  An elephant (Lair:5)
  A rime drake (Lair:1)
  2 polar bears (Lair:5)
  4 humans (D:13)
  A basilisk (Lair:5)
  2 wargs (Lair:5)
  5 hell hounds (Lair:5)
  A water moccasin (Lair:5)
  5 black bears (Lair:5)
  3 wolves (Lair:5)
  A bullfrog (Lair:4)
  A hell hound zombie (Lair:5)
  A warg zombie (Lair:5)
  2 lava snakes (Lair:5)
  An orc wizard (Orc:2)
  3 orcs
36 creatures vanquished.

Vanquished Creatures (others)
  A wizard (D:13)
  A harpy zombie (D:13)
  A hornet (D:9)
  A black mamba zombie (Lair:5)
  A human (D:13)
  A warg (Lair:5)
  6 hell hound zombies (Lair:5)
  2 water moccasin zombies (Lair:4)
  A warg zombie (Lair:5)
  4 yak zombies
  A polar bear zombie (Lair:5)
  7 wolf zombies (Lair:5)
  10 human zombies (D:13)
  5 black bear zombies (Lair:5)
  4 ogre zombies (Orc:2)
  12 orc zombies
  38 fungi
  53 plants
149 creatures vanquished.

Grand Total: 796 creatures vanquished

Notes
Turn   | Place    | Note
-------+----------+-------------------------------------------
     0 | D:1      | Mesmaeker13 the Demigod Earth Elementalist began the quest
                  | for the Orb.
     0 | D:1      | Reached XP level 1. HP: 14/14 MP: 5/5
    12 | D:1      | Got Zimekogu's Notes on Sinister Rituals
    88 | D:1      | Reached XP level 2. HP: 16/20 MP: 0/7
   658 | D:1      | Reached XP level 3. HP: 26/26 MP: 7/9
   720 | D:1      | Found Hioczuq's Jewellery Shop.
  1014 | D:2      | Learned a level 3 spell: Stone Arrow
  1091 | D:2      | Noticed Robin
  1198 | D:2      | Reached XP level 4. HP: 33/33 MP: 8/10
  1231 | D:2      | Noticed Terence
  1289 | D:1      | Killed Terence
  1374 | D:2      | Killed Robin
  1759 | D:2      | Identified the +2 robe of Paranoia {+Inv rC+ Str+2}
  2202 | D:3      | Found a runed translucent door.
  2203 | D:3      | Noticed Crazy Yiuf
  2207 | D:3      | Killed Crazy Yiuf
  2208 | D:3      | Reached XP level 5. HP: 38/38 MP: 8/12
  2747 | D:4      | Reached skill level 1 in Conjurations
  3235 | D:4      | Reached XP level 6. HP: 44/45 MP: 9/14
  3666 | D:5      | Entered Level 5 of the Dungeon
  3688 | D:5      | Noticed Menkaure
  3717 | D:5      | Killed Menkaure
  3722 | D:5      | Reached XP level 7. HP: 42/50 MP: 3/16
  4215 | D:5      | Noticed an air elemental
  4223 | D:5      | Noticed a water elemental
  4223 | D:5      | Noticed a fire elemental
  4389 | D:5      | Reached skill level 5 in Earth Magic
  4851 | D:6      | Noticed Edmund
  4868 | D:6      | Killed Edmund
  4869 | D:6      | Reached XP level 8. HP: 24/57 MP: 3/18
  5054 | D:6      | Noticed Batma's ghost (novice KoEn)
  5070 | D:6      | Found a runed translucent gate.
  5070 | D:6      | Found a runed translucent gate.
  5071 | D:6      | Found a runed translucent gate.
  5274 | D:6      | Found a staircase to the Ecumenical Temple.
  5317 | D:6      | Reached skill level 5 in Dodging
  5782 | D:6      | Reached skill level 5 in Spellcasting
  6478 | D:7      | Noticed a hornet
  6598 | D:7      | Killed a hornet
  6599 | D:7      | Reached skill level 5 in Conjurations
  6720 | D:7      | Noticed Duvessa
  6721 | D:7      | Noticed Dowan
  6733 | D:7      | Killed Duvessa
  6734 | D:7      | Reached XP level 9. HP: 55/62 MP: 12/21
  6829 | D:7      | Killed Dowan
  7421 | D:7      | Learned a level 4 spell: Animate Dead
  7477 | D:8      | Found Qoron's Jewellery Shoppe.
  7519 | D:8      | Found a runed translucent gate.
  7523 | D:8      | Found a runed translucent gate.
  7523 | D:8      | Found a runed translucent gate.
  7523 | D:8      | Noticed a green ugly thing
  7523 | D:8      | Noticed a white ugly thing
  7523 | D:8      | Noticed a white ugly thing
  8035 | D:8      | Reached skill level 1 in Necromancy
  9209 | D:9      | Found Fyuwuq's Weapon Shop.
  9746 | D:9      | Noticed a two-headed ogre
  9757 | D:9      | Killed a two-headed ogre
  9759 | D:9      | Noticed a two-headed ogre
  9851 | D:9      | Killed a two-headed ogre
  9852 | D:9      | Reached XP level 10. HP: 69/69 MP: 13/23
  9905 | D:10     | Entered Level 10 of the Dungeon
 10978 | D:10     | Noticed a boulder beetle
 11526 | D:11     | Noticed a two-headed ogre
 11529 | D:11     | Killed a two-headed ogre
 11580 | D:11     | Noticed a white ugly thing
 11584 | D:11     | Killed a white ugly thing
 11707 | D:11     | Noticed a two-headed ogre
 11712 | D:11     | Killed a two-headed ogre
 12092 | D:11     | Reached XP level 11. HP: 71/74 MP: 20/26
 12156 | D:11     | Found a staircase to the Lair.
 12562 | D:11     | Reached skill level 1 in Armour
 12562 | D:11     | Reached skill level 5 in Necromancy
 12725 | D:11     | Noticed a boulder beetle
 12755 | D:11     | Killed a boulder beetle
 13147 | D:11     | Found a staircase to the Orcish Mines.
 13396 | Lair:1   | Entered Level 1 of the Lair of Beasts
 13688 | Lair:1   | Found a frozen archway.
 13710 | IceCv    | Entered an ice cave
 13739 | IceCv    | Learned a level 5 spell: Iskenderun's Battlesphere
 15199 | IceCv    | Noticed a bog body
 15199 | IceCv    | Noticed a necromancer
 15215 | IceCv    | Killed a bog body
 15217 | IceCv    | Killed a necromancer
 15686 | Lair:1   | Reached XP level 12. HP: 54/81 MP: 9/29
 16719 | Lair:2   | Reached skill level 5 in Armour
 16786 | Lair:2   | Found a staircase to the Snake Pit.
 16998 | Lair:2   | Reached skill level 10 in Earth Magic
 17901 | Lair:3   | Found the +4 skin of Zhor {*Englaciate rC+++ SInv}
 17903 | Lair:3   | Found a staircase to the Swamp.
 18743 | Lair:3   | Noticed a six-headed hydra
 19031 | Lair:3   | Killed a six-headed hydra
 19122 | Lair:3   | Found a runed translucent gate.
 19122 | Lair:3   | Found a runed translucent gate.
 19122 | Lair:3   | Found a runed translucent gate.
 19123 | Lair:3   | Noticed Metae's ghost (journeyman MiFi)
 19619 | Lair:4   | Noticed Snorg
 19624 | Lair:4   | Killed Snorg
 19625 | Lair:4   | Reached skill level 10 in Conjurations
 19889 | Lair:4   | Found a transporter.
 19935 | Lair:4   | Noticed Xeriets's ghost (journeyman TeEn)
 19955 | Lair:4   | Found a transporter.
 19967 | Lair:4   | Identified the +3 leather armour "Demissor" {Dex+4}
 19975 | Lair:4   | Reached XP level 13. HP: 86/86 MP: 25/31
 20767 | Lair:4   | Found a staircase to the Slime Pits.
 20871 | Lair:5   | Entered Level 5 of the Lair of Beasts
 21189 | Lair:5   | Reached skill level 10 in Spellcasting
 22172 | Lair:4   | Learned a level 6 spell: Iron Shot
 23117 | Lair:5   | Gained mutation: Your body sometimes deteriorates upon
                  | taking damage. [potion of mutation]
 23117 | Lair:5   | Gained mutation: You are strong-willed. (Will+) [potion of
                  | mutation]
 23117 | Lair:5   | Gained mutation: You possess an exceptional clarity of
                  | mind. [potion of mutation]
 24071 | Lair:5   | Reached XP level 14. HP: 83/93 MP: 8/32
 25583 | D:8      | Found a runed translucent gate.
 25583 | D:8      | Found a runed translucent gate.
 25589 | D:8      | Noticed rikstar's ghost (novice TrFi)
 25590 | D:8      | Found a runed translucent gate.
 25811 | Orc:1    | Entered Level 1 of the Orcish Mines
 25811 | Orc:1    | Noticed Harold
 26098 | Orc:1    | Killed Harold
 26638 | Orc:2    | Entered Level 2 of the Orcish Mines
 26638 | Orc:2    | Found a staircase to the Elven Halls.
 27744 | Orc:2    | Found Yptuf's Antique Weapon Shop.
 27788 | Orc:2    | Noticed Erolcha
 27798 | Orc:2    | Killed Erolcha
 27799 | Orc:2    | Reached skill level 10 in Armour
 27997 | Orc:2    | Noticed Nergalle
 28006 | Orc:2    | Killed Nergalle
 28025 | Orc:2    | Found Beewit's Antique Weapon Boutique.
 28132 | Orc:2    | Found Icytuuco's Distillery.
 28363 | Orc:2    | Found Riggan's Book Boutique.
 28384 | Orc:2    | Bought a potion of heal wounds for 80 gold pieces
 28384 | Orc:2    | Bought a potion of heal wounds for 80 gold pieces
 28398 | Orc:2    | Bought a book of the Earth for 504 gold pieces
 28406 | Orc:2    | Learned a level 5 spell: Lee's Rapid Deconstruction
 29706 | D:13     | Noticed a tengu reaver
 30582 | D:13     | Identified the +1 scale mail of Qazlal, Loving {rElec}
 30948 | D:13     | Found a gate to the Vaults.
 31907 | Swamp:1  | Entered Level 1 of the Swamp
 32183 | Swamp:1  | Found a transporter.
 32185 | Swamp:1  | Noticed a thorn hunter
 32185 | Swamp:1  | Noticed a tentacled monstrosity
 32189 | Swamp:1  | Noticed a thorn hunter
 32190 | Swamp:1  | Noticed a thorn hunter
 32190 | Swamp:1  | Noticed a ghoul
 32197 | Swamp:1  | Found a transporter.
 32197 | Swamp:1  | Found the +3 Mad Mage's Maulers {Infuse+∞ VampMP -Cast}
 32197 | Swamp:1  | Found the ring of the Hare {EV+10}
 32315 | Swamp:1  | Mangled by an alligator

Illustrated notes

Levels and vault maps discovered:
D:1:      dpeg_arrival_shelter, layout_loops_ring, serial_shops, shop
D:2:      layout_rooms, uniq_terence, uniq_robin
D:3:      layout_rooms, zin_statuary, minitemple, lemuel_round_altar,
          bh_walls_and_bars, uniq_crazy_yiuf_cottage
D:4:      layout_rooms, mainiacjoe_overflow_surrounded_room, kennysheep_mini,
          serial_curves, eino_curves_02, eino_curves_02, goddamned_bats
D:5:      layout_basic, nicolae_qazlal_style_of_elements, serial_corexii_hall,
          corexii_hall_statues_t, corexii_hall_statues_l, uniq_menkaure
D:6:      layout_basic, old_standard_altar, minmay_temple_entry_antechambers,
          gammafunk_ghost_split, uniq_edmund
D:7:      layout_loops_ring, serial_aquarium, aquarium_bridge_square
          [aquarium_subvault_bridge, aquarium_subvault_wall,
          aquarium_subvault_bridge, aquarium_subvault_window],
          aquarium_bridge_square [aquarium_subvault_window,
          aquarium_subvault_window, aquarium_subvault_wall,
          aquarium_subvault_bridge], aquarium_window_1, aquarium_window_1,
          aquarium_window_2, aquarium_view_4, aquarium_view_2d,
          aquarium_balcony_double_4, grunt_ministairs_14, uniq_duvessa
D:8:      layout_layer_cave, mainiacjoe_overflow_brackets,
          mainiacjoe_overflow_boulevard, serial_shops, shop_statue,
          ploomutoo_gammafunk_ghost_potion_laboratory
D:9:      layout_rooms, serial_shops, nicolae_shop_competitors_out_of_business
D:10:     minmay_goldmine, layout_stronghold
D:11:     layout_roguey, hellmonk_lair_entry_icy, hiddenorc1_lemuel, tso_altar
D:12:     layout_roguey
D:13:     minmay_box_of_curves, layout_cave_pods, grunt_vaults_entry_tiered
Lair:1:   layout_long_grid, portal_ice_cave_rime, patterned_corridor,
          grunt_megastairs_4, infiniplex_staircase_pool_2
Lair:2:   layout_big_grid, guppyfry_snake_entry_garden
Lair:3:   layout_small_grid, swamp_mist_pool, gammafunk_ghost_ooze,
          hellmonk_guarded_unrand_zhor
Lair:4:   layout_regular_city, dpeg_slime_entry_enclosed, nzn_ghost_randoct,
          infiniplex_staircase_pool, uniq_snorg
Lair:5:   hangedman_lair_caniforms_friends, layout_misc_corridors,
          disabler_island, serial_bayou_shore_b, lemuel_fruit_tree
Swamp:1:  gammafunk_sealed_arena, layout_basic_swamp, serial_swamp_ruin,
          evilmike_swamp_ruin_rubble_2, evilmike_swamp_ruin_house_1,
          evilmike_swamp_ruin_house_4
Orc:1:    layout_caves, uniq_harold
Orc:2:    kennysheep_orc_mage_school, layout_caves, nicolae_orc_sculptors_studio

Skill      XL: |  1  2  3  4  5  6  7  8  9 10 11 12 13 14 |
---------------+-------------------------------------------+-----
Dodging        | 2 3 4 6 7 8 |  8.0
Spellcasting   | 2 3 4 5 6 7 8 9 10 | 10.0
Earth Magic    | 3 4 5 6 7 8 9 10 12 13 | 13.6
Conjurations   | 1 2 3 5 6 7 8 10 11 13 | 13.0
Necromancy     | 3 4 5 |  5.4
Armour         | 4 6 9 11 | 11.0
Stealth        | |  1.7
Transmutations | |  0.8

Action                     |  1- 3 |  4- 6 |  7- 9 | 10-12 | 13-15 || total
---------------------------+-------+-------+-------+-------+-------++-------
  Melee: Unarmed           |    12 |       |       |       |       ||    12
         Whip              |     4 |       |       |       |       ||     4
         Punch             |     1 |       |       |       |       ||     1
         Dagger            |     3 |     3 |       |       |       ||     6
         Staff             |       |       |     2 |     7 |    44 ||    53
         Morningstar       |       |       |       |     5 |    28 ||    33
  Throw: Dart              |       |     6 |    13 |     2 |     1 ||    22
   Cast: Sandblast         |    62 |   107 |    48 |   161 |   183 ||   561
         Stone Arrow       |       |     5 |   106 |   217 |   159 ||   487
         Iskenderun's Batt |       |       |       |    51 |    81 ||   132
         Animate Dead      |       |       |       |     2 |    28 ||    30
         Iron Shot         |       |       |       |       |    69 ||    69
         Lee's Rapid Decon |       |       |       |       |    15 ||    15
  Evoke: Wand              |       |       |     6 |    14 |    15 ||    35
    Use: Scroll            |       |     4 |     8 |     8 |    10 ||    30
         Potion            |       |       |       |     3 |     9 ||    12
 Armour: Robe              |    10 |    26 |    15 |    27 |       ||    78
         Skin              |       |       |       |    47 |       ||    47
         Scale mail        |       |       |       |    15 |   105 ||   120
         Animal skin       |       |       |       |       |    41 ||    41
  Dodge: Dodged            |    40 |    60 |    96 |   173 |   279 ||   648
